 Dungeon Crawl Stone Soup version 0.29-a0-872-g797fff5ad1 (webtiles) character file.

Game seed: 11445586153598959

31 Hubjo the Insei (level 3, -1/27 HPs)
             Began as a Demonspawn Transmuter on July 18, 2022.
             Was a Follower of Qazlal.
             Succumbed to Jessica's poison
             ... on level 2 of the Dungeon.
             The game lasted 00:01:31 (1311 turns).

Hubjo the Insei (Demonspawn Transmuter)             Turns: 1311, Time: 00:01:31

Health: -1/27      AC:  2    Str: 10    XL:     3   Next: 7%
Magic:  6/6        EV: 12    Int: 16    God:    Qazlal [*.....]
Gold:   74         SH:  1    Dex: 13    Spells: 5/6 levels left

rFire   . . .      SeeInvis .     - Unarmed
rCold   . . .      Faith    .   (no shield)
rNeg    . . .      Spirit   .   a - +0 robe
rPois   .          Reflect  .   (no helmet)
rElec   .          Harm     .   (no cloak)
rCorr   .          Rampage  .   (no gloves)
Will    .....                   (no boots)
Stlth   +.........              h - amulet of magic regeneration
HPRegen 0.09/turn               (no ring)
MPRegen 0.50/turn               (no ring)

@: lethally poisoned (-1 -> -18)
A: demonic touch 2
a: Renounce Religion


You were on level 2 of the Dungeon.
You worshipped Qazlal.
Qazlal was aware of your devotion.
You visited 1 branch of the dungeon, and saw 2 of its levels.

You collected 74 gold pieces.

Inventory:

Armour
 a - a +0 robe (worn)
Jewellery
 h - an amulet of magic regeneration (around neck)
Scrolls
 d - 3 scrolls of identify {unknown}
 e - a scroll of enchant weapon {unknown}
Potions
 c - a potion of haste {unknown}


   Skills:
 + Level 1.9 Fighting
 - Level 1.7 Dodging
 + Level 2.9 Unarmed Combat
 + Level 2.2 Spellcasting
 * Level 2.3 Transmutations


You had 5 spell levels left.
You knew the following spells:

 Your Spells              Type           Power      Damage    Failure   Level
a - Beastly Appendage     Tmut           18%        N/A       8%          1

Your spell library contained the following spells:

 Spells                   Type           Power      Damage    Failure   Level
 Wereblood                Tmut           9%         N/A       12%         2
 Passwall                 Tmut/Erth      4%         N/A       19%         2
 Blink                    Tloc           2%         N/A       30%         2
 Ensorcelled Hibernation  Hex/Ice        2%         N/A       30%         2
 Spider Form              Tmut/Pois      5%         N/A       36%         3
 Lesser Beckoning         Tloc           1%         N/A       52%         3
 Swiftness                Air            1%         N/A       52%         3
 Ice Form                 Ice/Tmut       5%         N/A       77%         4
 Manifold Assault         Tloc           1%         N/A       99%         5


Dungeon Overview and Level Annotations

Branches:
Dungeon (2/15)

Altars:
Qazlal

Annotations:
D:2 Jessica


Innate Abilities, Weirdness & Mutations

Your touch may inflict irresistible damage on your foes.


Message History

Nothing appears to happen.
No target in view!
Magic restored.
Found a whip.
Your magical contamination has completely faded away.
You see here a +0 whip.
You now have 74 gold pieces (gained 5).
Jessica the Apprentice Sorceress comes into view.
She is wielding a +3 dagger of venom.
Jessica is nearby!
You grow a pair of large bovine horns.
Your feet morph into talons.
Jessica mumbles some strange words.
Jessica seems to speed up.
Jessica hits you with a +3 dagger of venom.
You are poisoned.
You barely miss Jessica. Your kick misses Jessica.
Your headbutt misses Jessica.
You touch Jessica!
Jessica is severely wounded.
You feel sick.
Jessica hits you with a +3 dagger of venom!
You are lethally poisoned!
Jessica casts a spell.
Jessica blinks!
Okay, then.
Your horns disappear.
Your talons disappear.
You turn into a tree.
Your +0 robe melds into your body.
Your roots penetrate the ground.
* * * LOW HITPOINT WARNING * * *
You feel very sick. Jessica gestures at you while chanting.
You resist with some effort.
It was a potion of flight.
Your roots keep you in place.
* * * LOW HITPOINT WARNING * * *
You feel very sick.
Jessica looks very angry.
It was a potion of cancellation.
Your magical effects are unravelling.
You feel magically purged.
You feel less wooden.
Your +0 robe unmelds from your body.
You die...

########## #........#
#........# #........#
#..@.....#
#...○.○..#############
#....@...............#
#####+##############.#
#..............#
#.############## #.#
#.... #.# #...######
#)# #.....#.<. #.#
#.#.#.#..#
#.#####.#.#....#


You could see Jessica (fast).

Vanquished Creatures
  2 dart slugs (D:1)
  2 ball pythons (D:1)
  A bat (D:1)
  5 endoplasms (D:1)
  A giant cockroach (D:1)
  4 hobgoblins (D:1)
  A quokka (D:1)
  3 frilled lizards (D:1)
  2 kobolds (D:1)
  4 rats (D:1)
25 creatures vanquished.

Notes
Turn   | Place    | Note
-------+----------+-------------------------------------------
     0 | D:1      | Hubjo the Demonspawn Transmuter began the quest for the
                  | Orb.
     0 | D:1      | Reached XP level 1. HP: 15/15 MP: 3/3
    98 | D:1      | Gained mutation: Your touch may inflict minor irresistible
                  | damage on your foes. [demonic ancestry]
    98 | D:1      | Reached XP level 2. HP: 21/21 MP: 3/5
   726 | D:1      | Found a faded altar of an unknown god.
   736 | D:1      | Prayed at the altar of an unknown god.
   736 | D:1      | Became a worshipper of Qazlal Stormbringer
   736 | D:1      | Reached * piety under Qazlal
   860 | D:1      | Gained mutation: Your touch may inflict irresistible damage
                  | on your foes. [demonic ancestry]
   860 | D:1      | Reached XP level 3. HP: 11/27 MP: 6/6
  1303 | D:2      | Noticed Jessica
  1311 | D:2      | Succumbed to Jessica's poison

Illustrated notes

Levels and vault maps discovered:
D:1:      minmay_arrival_doors, layout_loops_ring,
          hellmonk_ecumenical_altar_slurped_away
D:2:      layout_basic, uniq_jessica, uniq_robin

Skill      XL: |  1 |
---------------+----+-----
Transmutations | 2 |  2.3
Fighting       | |  1.9
Dodging        | |  1.7
Unarmed Combat | |  2.9
Spellcasting   | |  2.2

Action                   || total
-------------------------++-------
Melee: Unarmed           ||    65
       Headbutt          ||     7
       Kick              ||    10
       Touch             ||     8
 Cast: Beastly Appendage ||    19
  Use: Potion            ||     3
 Stab: Sleeping          ||     1
Armor: Robe              ||     8
Dodge: Dodged            ||    33
Block: Other             ||     1

Table legend: (Time is in decaauts)
 A = Elapsed time spent in this place.
 B = Non-inter-level travel time spent in this place.
 C = Inter-level travel time spent in this place.
 D = Time resting spent in this place.
 E = Time spent auto-exploring this place.
 F = Levels seen in this place.
 G = Mean time per level.
                   A        B        C        D        E       F      G
               +--------+--------+--------+--------+--------+-----+--------+
         Total |   1307 |   1307 |      0 |      0 |   1089 |   2 |  653.5 |
       Dungeon |   1307 |   1307 |      0 |      0 |   1089 |   2 |  653.5 |
               +--------+--------+--------+--------+--------+-----+--------+

Top non-repeatable levels by time:
     D:1: 1190 daAuts
     D:2: 116 daAuts
